 Dungeon Crawl Stone Soup version 0.27.0-1-g7a089689b8 (webtiles) character file.

Game seed: 16217416728229302846

940 Delamore the Sneak (level 8, 0/55 HPs)
             Began as an Octopode Brigand on Aug 6, 2021.
             Slain by a steam dragon (2 damage)
             ... on level 5 of the Dungeon.
             The game lasted 00:05:34 (4836 turns).

Delamore the Sneak (Octopode Brigand)               Turns: 4836, Time: 00:05:35

Health: 0/55       AC:  1    Str: 10    XL:     8   Next: 12%
Magic:  8/8        EV: 15    Int: 14    God:
Gold:   170        SH:  5    Dex: 15    Spells: 7/7 levels left

rFire    . . .     SeeInvis .   a - +2 dagger
rCold    . . .     Faith    .   g - +0 buckler
rNeg     . . .     Spirit   .   (helmet restricted)
rPois    .         Reflect  .   (no amulet)
rElec    .         Harm     .   f - ring of flight
rCorr    .         Rampage  .   (no ring)
Will     .....                  (no ring)
Stlth    ++++......             (no ring)
HPRegen  0.18/turn              (no ring)
MPRegen  0.11/turn              (no ring)
                                (no ring)
                                (no ring)

@: attractive, flying
A: almost no armour, amphibious, 8 rings, camouflage 1, gelatinous body 1,
(nimble swimmer 1), tentacles
a: no special abilities


You were on level 5 of the Dungeon.
You visited 1 branch of the dungeon, and saw 6 of its levels.

You collected 170 gold pieces.

Inventory:

Hand Weapons
 a - a +2 dagger (weapon)
Missiles
 b - 12 poisoned darts (quivered)
 k - a curare-tipped dart
Armour
 g - a +0 buckler (worn)
Jewellery
 f - a ring of flight (left tentacle)
 l - a ring of ice
Wands
 c - a wand of iceblast (8)
 i - a wand of flame (34)
Scrolls
 e - a scroll of magic mapping
 m - a scroll of teleportation
 r - a scroll of noise {unknown}
Potions
 j - a potion of haste
 o - a potion of invisibility {unknown}
 p - a potion of resistance {unknown}


   Skills:
 - Level 5.0 Fighting
 + Level 5.1 Short Blades
 - Level 2.0 Throwing
 + Level 4.9 Dodging
 - Level 5.3 Stealth
 + Level 3.3 Shields


You had 7 spell levels left.
You didn't know any spells.
Your spell library was empty.

Dungeon Overview and Level Annotations

Branches:
Dungeon (6/15)
 Temple: D:4-7

Altars:
Cheibriados
Dithmenos
Makhleb

Shops:
D:6 :


Innate Abilities, Weirdness & Mutations

You cannot wear most types of armour.
You are amphibious.
You can wear up to eight rings at the same time.
Your skin changes colour to match your surroundings (Stealth+).
Your rubbery body absorbs attacks. (AC +1, EV +1)
((You are camouflaged near water. (Stealth+)))
You have tentacles for arms and can constrict up to eight enemies at once.


Message History

You destroy the howler monkey skeleton!
The steam dragon breathes steam at you. The ball of steam misses you.
The ogre shouts!
The ogre misses you.
Found a scroll labelled CIOSORO OWIUX.
You barely miss the ogre.
You are engulfed in a cloud of scalding steam.
The ogre hits you with a +0 giant spiked club!!
You are too injured to fight recklessly!
You are too injured to fight recklessly!
You are too injured to fight recklessly!
You are too injured to fight recklessly!
You are too injured to fight recklessly!
You are too injured to fight recklessly!
You are engulfed in a cloud of scalding steam.
The steam dragon bites you!
* * * LOW HITPOINT WARNING * * *
The steam dragon closely misses you.
Blink to where?
Press: ? - help, Dir - move target
As you read the scroll of blinking, it crumbles to dust.
The steam dragon bites you.
* * * LOW HITPOINT WARNING * * *
The steam dragon barely misses you.
You fly upwards.
There is a stone staircase leading down here.
You feel better. The steam dragon misses you.
The steam dragon barely misses you.
You hit the steam dragon but do no damage.
The steam dragon bites you!
* * * LOW HITPOINT WARNING * * *
The steam dragon closely misses you.
You barely miss the steam dragon. The steam dragon bites you.
* * * LOW HITPOINT WARNING * * *
The steam dragon closely misses you.
It was a potion of attraction.
You feel attractive to monsters. You block the steam dragon's attack.
The steam dragon claws you.
You die...

#...##.........##.#
#.##########...##.. #.#
#....... ##.# #.....##
##..### #......#
##.....## #...)...
##.......## #.....#.
#.........# #.#..##.
#.....@...# #...)##.
#....D....# #..#....
#.<.......# #..###..
#.........######..###..
#...........##......#..
#.........#..))........
#......................
#.........###..........
#.........# #........#.


You could see a steam dragon.

Vanquished Creatures
  A sky beast (D:5)
  A black bear (D:5)
  An ogre (D:4)
  2 scorpions
  2 howler monkeys
  2 centaur skeletons
  An orc priest (D:4)
  2 bullfrog skeletons
  A jelly (D:3)
  A scorpion zombie (D:5)
  4 orc wizards
  3 gnolls (D:4)
  A howler monkey skeleton (D:6)
  5 adders
  A shadow imp (D:6)
  An ufetubus (D:5)
  5 worms
  A dart slug (D:2)
  11 orcs
  2 bats
  6 endoplasms
  3 giant cockroaches (D:2)
  5 goblins
  2 hobgoblins
  11 jackals
  3 kobolds
  2 quokkas
  5 ball pythons
  A frilled lizard (D:2)
  A rat (D:2)
87 creatures vanquished.

Notes
Turn   | Place    | Note
-------+----------+-------------------------------------------
     0 | D:1      | Delamore the Octopode Brigand began the quest for the Orb.
     0 | D:1      | Reached XP level 1. HP: 14/14 MP: 1/1
   325 | D:1      | Reached XP level 2. HP: 12/19 MP: 2/2
   475 | D:1      | You fall into a shaft and drop 1 floor!
  1055 | D:2      | Reached XP level 3. HP: 25/25 MP: 3/3
  1409 | D:3      | Reached XP level 4. HP: 31/31 MP: 4/4
  1798 | D:2      | Reached XP level 5. HP: 32/36 MP: 5/5
  2720 | D:4      | Reached XP level 6. HP: 43/43 MP: 6/6
  2754 | D:4      | Reached skill level 1 in Shields
  3487 | D:4      | Reached XP level 7. HP: 48/48 MP: 7/7
  3726 | D:5      | Entered Level 5 of the Dungeon
  4424 | D:5      | Found a burning altar of Makhleb.
  4491 | D:5      | Reached skill level 5 in Fighting
  4491 | D:5      | Reached skill level 5 in Short Blades
  4491 | D:5      | Reached XP level 8. HP: 55/55 MP: 8/8
  4538 | D:5      | Found a snail-covered altar of Cheibriados.
  4757 | D:5      | Found a shadowy altar of Dithmenos.
  4818 | D:6      | Found Ulephinaacw's Book Emporium.
  4835 | D:5      | HP: 2/55 [steam dragon (5)]
  4836 | D:5      | Slain by a steam dragon

Illustrated notes

Levels and vault maps discovered:
D:1:      kennysheep_arrival_seaside, layout_loops_ring, serial_forest,
          infiniplex_forest_lined_3_way, infiniplex_forest_diagonal,
          infiniplex_forest_clump_tiny, infiniplex_forest_clump_C,
          infiniplex_forest_clump_long, infiniplex_forest_clump_small,
          minmay_misc_feat_diagonals
D:2:      layout_loops_cross
D:3:      layout_loops_cross
D:4:      layout_rooms
D:5:      layout_rooms, mainiacjoe_overflow_alcove_2, slow_altar_2,
          general_overflow_altar
D:6:      layout_rooms, mainiacjoe_overflow_cross_hatched, serial_shops,
          nicolae_stop_n_shop_2

Skill      XL: |  1  2  3  4  5  6  7 |
---------------+----------------------+-----
Dodging        | 2 3 4 |  4.9
Fighting       | 3 4 5 |  5.0
Short Blades   | 3 4 5 |  5.1
Shields        | 1 3 |  3.3
Throwing       | |  2.0
Stealth        | |  5.3

Action                   |  1- 3 |  4- 6 |  7- 9 || total
-------------------------+-------+-------+-------++-------
Melee: Dagger            |    59 |    98 |    83 ||   240
       Tentacles         |    10 |    11 |    23 ||    44
       Constrict         |    10 |    17 |    15 ||    42
Throw: Dart              |       |    16 |    27 ||    43
  Use: Scroll            |       |       |     6 ||     6
       Potion            |       |       |     2 ||     2
 Stab: Sleeping          |    11 |    10 |     1 ||    22
Armor: Skin              |     2 |    14 |     3 ||    19
Dodge: Dodged            |    31 |    79 |    54 ||   164
Block: Buckler           |       |    14 |    12 ||    26
